 Dungeon Crawl Stone Soup version 0.29-a0-284-gf9362112df (webtiles) character file.

Game seed: 7455947022082276563

972 bande the Chopper (level 8, -7/44 HPs)
             Began as a Gargoyle Fighter on Mar 31, 2022.
             Was an Initiate of Okawaru.
             Mangled by an orc warrior
             ... wielding a +0 glaive
              (10 damage)
             ... on level 6 of the Dungeon.
             The game lasted 00:08:34 (5217 turns).

bande the Chopper (Gargoyle Fighter)                Turns: 5217, Time: 00:08:35

Health: -7/44      AC: 21    Str: 21    XL:     8   Next: 16%
Magic:  8/9        EV:  9    Int:  8    God:    Okawaru [......]
Gold:   292        SH:  5    Dex: 11    Spells: 7/7 levels left

rFire   + . .      SeeInvis +   a - +1 war axe (protect)
rCold   . . .      Faith    +   c - +0 buckler
rNeg    + . .      Spirit   .   b - +0 scale mail
rPois   ∞          Reflect  .   (no helmet)
rElec   +          Harm     .   A - scarf {repulsion}
rCorr   .          Rampage  .   i - +0 pair of gloves
Will    .....                   (no boots)
Stlth   ..........              t - amulet "Gurch" {Faith rPois rF+}
HPRegen 0.14/turn               y - ring of see invisible
MPRegen 0.11/turn               (no ring)

@: mighty, about to teleport, weak-willed, under a protective aura, attractive,
repel missiles
A: sickness immunity, AC +5, negative energy resistance 1, electricity
resistance, torment resistance 1, petrification resistance, frail 1, high MP 1
a: Renounce Religion


You were on level 6 of the Dungeon.
You worshipped Okawaru.
Okawaru was noncommittal.
You visited 2 branches of the dungeon, and saw 7 of its levels.

You collected 292 gold pieces.

Inventory:

Hand Weapons
 a - a +1 war axe of protection (weapon)
 w - a +0 flail
 z - a +0 war axe
Armour
 b - a +0 scale mail (worn)
 c - a +0 buckler (worn)
 i - a +0 pair of gloves (worn)
 o - a +1 cloak
 A - a scarf of repulsion (worn)
Jewellery
 t - the amulet "Gurch" (around neck) {Faith rPois rF+}
   (You found it on level 4 of the Dungeon)

   [amulet of faith]

   It allows you to gain divine favour quickly.
   rF:        It protects you from fire.
   rPois:     It protects you from poison.
 y - a ring of see invisible (left hand)
Wands
 x - a wand of flame (9)
Scrolls
 e - 2 scrolls of fog
 f - 2 scrolls of teleportation
 v - a scroll of identify
Potions
 g - 2 potions of cancellation
 h - a potion of lignification {unknown}
 j - a potion of invisibility {unknown}
 k - 2 potions of brilliance
 l - a potion of magic {unknown}
 m - a potion of curing {unknown}
 n - a potion of heal wounds {unknown}
 p - a potion of mutation
 q - a potion of attraction
 s - a potion of degeneration {unknown}
 u - a potion of flight {unknown}


   Skills:
 + Level 5.2 Fighting
 + Level 6.0 Axes
 + Level 5.7 Armour
 + Level 4.6 Shields
 * Level 1.0 Invocations
 * Level 0.6 Evocations


You had 7 spell levels left.
You didn't know any spells.
Your spell library contained the following spells:

 Spells                   Type           Power      Damage    Failure   Level
 Freeze                   Ice            0%         1d3       82%         1
 Ensorcelled Hibernation  Hex/Ice        0%         N/A       91%         2
 Static Discharge         Conj/Air       0%         N/A       91%         2
 Confusing Touch          Hex            0%         N/A       99%         3
 Frozen Ramparts          Ice            0%         1d2       99%         3
 Gell's Gravitas          Tloc           0%         N/A       99%         3
 Lesser Beckoning         Tloc           0%         N/A       99%         3
 Ozocubu's Armour         Ice            0%         N/A       99%         3
 Spider Form              Tmut/Pois      0%         N/A       99%         3
 Teleport Other           Tloc           0%         N/A       99%         3
 Anguish                  Hex/Necr       0%         N/A       100%        4
 Hailstorm                Conj/Ice       0%         3d3       100%        4
 Lightning Bolt           Conj/Air       0%         1d11      100%        5
 Yara's Violent Unravell  Hex/Tmut       0%         3d3       100%        5
 Enfeeble                 Hex            0%         N/A       100%        7
 Ozocubu's Refrigeration  Ice            0%         4d5       100%        7
 Maxwell's Capacitive Co  Air            0%         ∞         100%        8


Dungeon Overview and Level Annotations

Branches:
Dungeon (6/15)             Temple (1/1) D:5

Altars:
Ashenzari
Cheibriados
Dithmenos
Fedhas
Gozag
Makhleb
Nemelex Xobeh
Okawaru
Ru
Trog
Xom
Yredelemnul
The Shining One

Shops:
D:3 :   D:5 *


Innate Abilities, Weirdness & Mutations

You are immune to sickness and miasma.
Your stone body is resilient. (AC +5)
You are immune to poison.
You resist negative energy. (rN+)
You are resistant to electric shocks. (rElec)
You are resistant to unholy torment.
You are immune to petrification.
You are frail. (-10% HP)
You have an increased reservoir of magic. (+10% MP)


Message History

The white imp hits you but does no damage.
You block the wight's attack.
You closely miss the wight.
The wight is heavily damaged.
The orc shouts!
You slash the wight! You slash the bullfrog!
You kill the bullfrog!
Okawaru accepts your kill.
You slash the wight!
You destroy the wight!
Okawaru accepts your kill.
You barely miss the white imp.
The orc warrior hits you from afar with a +0 glaive.
* * * LOW HITPOINT WARNING * * *
You block the wight's attack. The white imp gestures at you.
The puff of frost hits you but does no damage.
The wight closely misses you.
Your Axes skill increases to level 6!
Your Invocations skill increases to level 1!
It was a potion of mutation.
You feel extremely strange.
You feel frail.
You feel more energetic.
The bullfrog snags a nearby fly with its tongue.
The orc warrior closely misses you. The wight hits you but does no damage.
The wight closely misses you. x2; The wight hits you but does no damage.
The white imp hits you but does no damage.
It was a potion of attraction.
You feel attractive to monsters.
The white imp hits you but does no damage.
The wight hits you but does no damage. The wight hits you with a +0 flail.
* * * LOW HITPOINT WARNING * * *
You block the wight's attack. The wight barely misses you.
The orc warrior hits you but does no damage.
The bullfrog hits you but does no damage.
As you read the scroll of teleportation, it crumbles to dust.
You feel strangely unstable.
The howler monkey hoots and howls with incredible vigour!
The bullfrog hits you but does no damage.
The orc warrior hits you from afar with a +0 glaive!
You die...

...............
...........<...
....".........#
[.............# ###
............# #.#.
##...hzz.....
...####..z5zzo.....
#....##..z@zozo...
#.....#..F..#....#
#..........## ###
#......#...#
###......##...#
###.#.....####.....
#...#......# #...##
#<.†......## ......
#...................


You could see an orc warrior, a bullfrog, a howler monkey, 8 wights, an orc
wizard, a white imp and an orc.

Vanquished Creatures
  An ogre (D:4)
  2 phantoms (D:4)
  A bullfrog (D:6)
  A scorpion (D:4)
  A necrophage (D:5)
  A wight (D:6)
  2 hounds
  2 orc priests
  A gnoll shaman (D:5)
  Natasha (thrice) (D:3)
  2 orc wizards (D:4)
  11 gnolls
  4 adders
  A white imp (D:4)
  2 worms (D:2)
  3 dart slugs
  15 orcs
  5 endoplasms
  2 giant cockroaches
  6 goblins
  7 hobgoblins
  4 kobolds
  3 quokkas
  4 ball pythons
  2 bats (D:1)
  2 frilled lizards (D:2)
  4 rats
92 creatures vanquished.

Notes
Turn   | Place    | Note
-------+----------+-------------------------------------------
     0 | D:1      | bande the Gargoyle Fighter began the quest for the Orb.
     0 | D:1      | Reached XP level 1. HP: 14/14 MP: 1/1
   174 | D:1      | Reached XP level 2. HP: 19/19 MP: 2/2
   215 | D:1      | Reached skill level 2 in Axes
   529 | D:1      | Reached XP level 3. HP: 23/23 MP: 3/3
   561 | D:1      | Found a faded altar of an unknown god.
  1026 | D:2      | Reached XP level 4. HP: 21/29 MP: 4/4
  1736 | D:3      | Noticed Natasha
  1744 | D:3      | Killed Natasha
  1745 | D:3      | Reached skill level 3 in Axes
  1745 | D:3      | Reached XP level 5. HP: 14/33 MP: 5/5
  1981 | D:3      | Found Caxa's Book Emporium.
  2140 | D:3      | Noticed Natasha
  2148 | D:3      | Killed Natasha
  2295 | D:3      | Noticed Natasha
  2301 | D:3      | Killed Natasha
  2302 | D:3      | Reached XP level 6. HP: 34/38 MP: 6/6
  2712 | D:4      | Reached skill level 4 in Axes
  2759 | D:4      | Identified the amulet "Gurch" {Faith rPois rF+}
  2878 | D:4      | Reached XP level 7. HP: 42/44 MP: 7/7
  2941 | D:4      | Reached skill level 5 in Axes
  2941 | D:4      | Reached skill level 5 in Armour
  2948 | D:4      | Found a shadowy altar of Dithmenos.
  3381 | D:5      | Entered Level 5 of the Dungeon
  3538 | D:5      | Found Moquz's Assorted Antiques.
  4753 | D:5      | Reached skill level 5 in Fighting
  4954 | D:5      | Found a staircase to the Ecumenical Temple.
  4982 | Temple   | Entered the Ecumenical Temple
  5043 | Temple   | Became a worshipper of Warmaster Okawaru
  5192 | D:6      | Reached XP level 8. HP: 49/49 MP: 8/8
  5215 | D:6      | Reached skill level 6 in Axes
  5215 | D:6      | Reached skill level 1 in Invocations
  5215 | D:6      | Gained mutation: You are frail. (-10% HP) [potion of
                  | mutation]
  5215 | D:6      | Gained mutation: You have an increased reservoir of magic.
                  | (+10% MP) [potion of mutation]
  5217 | D:6      | Mangled by an orc warrior

Illustrated notes

Levels and vault maps discovered:
D:1:      tarquinn_simple_flora_water_a, layout_rooms, basic_ecumenical_altar,
          serial_aquarium, aquarium_bridge_long_separate
          [aquarium_subvault_bridge, aquarium_subvault_window,
          aquarium_subvault_bridge, aquarium_subvault_window,
          aquarium_subvault_bridge, aquarium_subvault_window],
          aquarium_bridge_square [aquarium_subvault_wall,
          aquarium_subvault_bridge, aquarium_subvault_wall,
          aquarium_subvault_wall], aquarium_window_fake, aquarium_window_fake,
          aquarium_window_1, aquarium_view_2a
D:2:      layout_basic
D:3:      layout_loops_ring, serial_shops, shop, uniq_natasha
D:4:      layout_cave_pools, nicolae_overflow_hidden_temple
D:5:      layout_rooms, minmay_temple_entry_gardened_gates, serial_glass,
          glass_columns_b, glass_columns_b, serial_shops, shop
D:6:      layout_cave_pools, cheibrodos_sewer_entry_drain
Temple:   mainiacjoe_temple_bowtie_tessellation

Skill      XL: |  1  2  3  4  5  6  7  8 |
---------------+-------------------------+-----
Axes           | 2 3 4 5 6 |  6.0
Fighting       | 4 5 |  5.2
Armour         | 4 5 |  5.7
Shields        | 4 |  4.6
Invocations    | 1 |  1.0
Evocations     | |  0.6

Action                   |  1- 3 |  4- 6 |  7- 9 || total
-------------------------+-------+-------+-------++-------
Melee: War axe           |    59 |   104 |   122 ||   285
  Use: Scroll            |     5 |     3 |     2 ||    10
       Potion            |       |       |     3 ||     3
Armor: Scale mail        |    38 |    61 |   112 ||   211
Dodge: Dodged            |    25 |    41 |    82 ||   148
       Repelled          |       |       |     3 ||     3
Block: Buckler           |    14 |    24 |    32 ||    70

Table legend: (Time is in decaauts)
 A = Elapsed time spent in this place.
 B = Non-inter-level travel time spent in this place.
 C = Inter-level travel time spent in this place.
 D = Time resting spent in this place.
 E = Time spent auto-exploring this place.
 F = Levels seen in this place.
 G = Mean time per level.
                   A        B        C        D        E       F      G
               +--------+--------+--------+--------+--------+-----+--------+
         Total |   5338 |   5274 |     64 |   1743 |   2526 |   7 |  762.6 |
       Dungeon |   5232 |   5201 |     31 |   1743 |   2475 |   6 |  872.0 |
        Temple |    106 |     73 |     33 |      0 |     51 |   1 |  106.0 |
               +--------+--------+--------+--------+--------+-----+--------+

Top non-repeatable levels by time:
     D:4: 1589 daAuts
     D:2: 1013 daAuts
     D:1: 908 daAuts
     D:5: 893 daAuts
     D:3: 789 daAuts
  Temple: 106 daAuts
     D:6: 38 daAuts
